 Dungeon Crawl Stone Soup version 0.27-a0-1177-g245c70e1c0 (webtiles) character file.

Game seed: 8805128477422065429

63 Glokmah the Ruffian (level 3, -3/29 HPs)
             Began as a Draconian Transmuter on May 16, 2021.
             Slain by Terence
             ... wielding a +0 hand axe
              (4 damage)
             ... on level 3 of the Dungeon.
             The game lasted 00:03:52 (2165 turns).

Glokmah the Ruffian (Draconian Transmuter)          Turns: 2165, Time: 00:03:53

Health: -3/29      AC:  5    Str: 13    XL:     3   Next: 87%
Magic:  5/6        EV: 16    Int: 13    God:
Gold:   83         SH:  0    Dex: 17    Spells: 0/6 levels left

rFire    . . .     SeeInvis .     - Unarmed
rCold    . . .     Faith    .   (no shield)
rNeg     . . .     Spirit   .   (armour unavailable)
rPois    .         Reflect  .   (helmet restricted)
rElec    .         Harm     .   (no cloak)
rCorr    .         Rampage  .   (no gloves)
Will     .....                  (no boots)
Stlth    ++........             (no amulet)
HPRegen  0.09/turn              d - +6 ring of dexterity
MPRegen  0.10/turn              k - +4 ring of evasion

@: no status effects
A: AC +5, unfitting armour, cold-blooded
a: no special abilities


You were on level 3 of the Dungeon.
You visited 1 branch of the dungeon, and saw 3 of its levels.

You collected 83 gold pieces.

Inventory:

Missiles
 b - 6 curare-tipped darts
 c - 44 stones
 m - 2 atropa-tipped darts
Jewellery
 d - a +6 ring of dexterity (left hand)
 f - a ring of magical power
 k - a +4 ring of evasion (right hand)
 l - a ring of protection from fire
Scrolls
 a - 7 scrolls of identify {unknown}
 i - a scroll of magic mapping {unknown}
Potions
 e - a potion of brilliance {unknown}
 g - a potion of mutation {unknown}
 h - a potion of cancellation
 j - a potion of curing {unknown}


   Skills:
 + Level 1.7 Fighting
 + Level 2.1 Dodging
 * Level 3.6 Unarmed Combat
 + Level 2.3 Spellcasting
 * Level 2.9 Transmutations


You couldn't memorise any spells.
You knew the following spells:

 Your Spells              Type           Power      Damage    Failure   Level
a - Beastly Appendage     Tmut           18%        N/A       8%          1
b - Wereblood             Tmut           9%         N/A       12%         2
c - Spider Form           Tmut/Pois      2%         N/A       38%         3

Your spell library contained the following spells:

 Spells                   Type           Power      Damage    Failure   Level
 Ice Form                 Ice/Tmut       5%         N/A       80%         4
 Hydra Form               Tmut           4%         N/A       91%         5


Dungeon Overview and Level Annotations

Branches:
Dungeon (3/15)

Altars:

Shops:
D:3 !

Annotations:
D:3 Terence


Innate Abilities, Weirdness & Mutations

Your plain brown scales are hard. (AC +5)
You cannot fit into any form of body armour.
You are cold-blooded and may be slowed by cold attacks.


Message History

Terence is severely wounded.
Terence hits you with a +0 hand axe. The endoplasm hits you.
The gnoll hits you from afar with a +0 spear!
* * * LOW HITPOINT WARNING * * *
You hit Terence.
You tail-slap Terence, but do no damage.
Terence is almost dead.
Your horns disappear.
Your talons disappear.
A gnoll comes into view. It is wielding a +0 club.
Terence barely misses you. The endoplasm completely misses you.
The gnoll shouts!
You hit Terence but do no damage.
Terence is almost dead.
Terence closely misses you. The endoplasm hits you.
* * * LOW HITPOINT WARNING * * *
You closely miss Terence.
Terence is almost dead.
You howl as the wereblood boils in your veins!
Terence misses you.
You hit Terence but do no damage.
Terence is almost dead.
Your primal bloodlust is almost over.
The gnoll misses you. Terence closely misses you.
Terence looks scornfully at you.
You hit Terence but do no damage.
Terence is almost dead.
Terence hits you but does no damage.
You hit Terence but do no damage.
Terence is almost dead.
The endoplasm freezes you.
You are frozen.
* * * LOW HITPOINT WARNING * * *
Terence closely misses you.
You hit the endoplasm but do no damage. The endoplasm barely misses you.
Terence misses you.
You howl as the wereblood boils in your veins!
Your primal bloodlust has ended.
It was a potion of cancellation.
You feel magically purged. The endoplasm barely misses you.
Terence hits you with a +0 hand axe.
You die...

......≈≈∩≈≈# #[.....#P
......≈≈.≈≈## ......#
.......≈.≈..# #.....####
............###### ###........#
.................###........#
†.†.........................#.
..<........#.....>.............
...........#.....@.g.).........
...........#....@J.gg..........
.#.........#.########.......###
###......#.#.########..##.....
##.[..##.#.#...P..#..# .####
#.##....#. #######g)....#
#.####... #........ #.# ....
......... #.# ... #........ #.#
.. .........


You could see Terence, 3 gnolls and an endoplasm.

Vanquished Creatures
  2 adders
  A worm (D:2)
  3 bats
  3 endoplasms
  2 giant cockroaches
  6 goblins
  3 hobgoblins
  2 jackals (D:1)
  3 ball pythons (D:1)
  5 frilled lizards
  6 kobolds
  4 rats
40 creatures vanquished.

Notes
Turn   | Place    | Note
-------+----------+-------------------------------------------
     0 | D:1      | Glokmah the Draconian Transmuter began the quest for the
                  | Orb.
     0 | D:1      | Reached XP level 1. HP: 16/16 MP: 3/3
   156 | D:1      | Reached XP level 2. HP: 23/23 MP: 3/5
   243 | D:1      | Learned a level 2 spell: Wereblood
  1049 | D:2      | Reached XP level 3. HP: 22/28 MP: 6/6
  1368 | D:2      | Learned a level 3 spell: Spider Form
  2063 | D:3      | Found Ala Tump's Distillery.
  2137 | D:3      | Noticed Terence
  2160 | D:3      | HP: 1/29 [frozen (3)]
  2165 | D:3      | Slain by Terence

Illustrated notes

Levels and vault maps discovered:
D:1:      lightli_arrival_maybe_door_vault, layout_rooms
D:2:      layout_loops_corners, serial_forest, infiniplex_forest_zigzag_2,
          infiniplex_forest_clump_long, infiniplex_forest_corner_1,
          infiniplex_forest_straight_3, infiniplex_forest_lined_room_2,
          infiniplex_forest_straight_5, infiniplex_forest_straight_3,
          kennysheep_generic_room_16
D:3:      layout_rooms, gammafunk_temple_overflow_arena, serial_aquarium,
          aquarium_bridge_square [aquarium_subvault_balcony,
          aquarium_subvault_balcony, aquarium_subvault_window,
          aquarium_subvault_bridge], aquarium_bridge_long_separate
          [aquarium_subvault_bridge, aquarium_subvault_balcony,
          aquarium_subvault_wall, aquarium_subvault_bridge,
          aquarium_subvault_bridge, aquarium_subvault_bridge],
          aquarium_window_fake, aquarium_window_fake, aquarium_window_fake,
          aquarium_window_fake, aquarium_view_2f, aquarium_view_2e,
          serial_shops, nicolae_shop_waterfront, uniq_terence

Skill      XL: |  1  2 |
---------------+-------+-----
Dodging        | 2 |  2.1
Fighting       | |  1.7
Unarmed Combat | |  3.6
Spellcasting   | |  2.3
Transmutations | |  2.9

Action                   || total
-------------------------++-------
Melee: Unarmed           ||    98
       Kick              ||    18
       Headbutt          ||     9
       Tailslap          ||     6
       Punch             ||     1
 Cast: Beastly Appendage ||    21
       Wereblood         ||     5
  Use: Potion            ||     1
 Stab: Sleeping          ||     2
Armor: Skin              ||    16
Dodge: Dodged            ||    71

Table legend: (Time is in decaauts)
 A = Elapsed time spent in this place.
 B = Non-inter-level travel time spent in this place.
 C = Inter-level travel time spent in this place.
 D = Time resting spent in this place.
 E = Time spent auto-exploring this place.
 F = Levels seen in this place.
 G = Mean time per level.
                   A        B        C        D        E       F      G
               +--------+--------+--------+--------+--------+-----+--------+
         Total |   2162 |   2101 |     61 |    292 |   1369 |   3 |  720.7 |
       Dungeon |   2162 |   2101 |     61 |    292 |   1369 |   3 |  720.7 |
               +--------+--------+--------+--------+--------+-----+--------+

Top non-repeatable levels by time:
     D:2: 1283 daAuts
     D:1: 779 daAuts
     D:3: 99 daAuts
